 Dungeon Crawl Stone Soup version 0.14-a0-1863-gcc20582 (webtiles) character file.

225 Kae the Insei (level 4, -3/35 HPs)
             Began as a Draconian Transmuter on Jan 13, 2014.
             Slain by Kae's ghost (5 damage)
             ... on Level 3 of the Dungeon.
             The game lasted 00:02:03 (2311 turns).

Kae the Insei (Draconian Transmuter)                Turns: 2311, Time: 00:02:03

HP  -3/35        AC  7     Str 12      XL: 4   Next: 26%
MP   7/7         EV 12     Int 14      God:
Gold 139         SH  0     Dex 12      Spells:  1 memorised,  6 levels left

rFire  . . .     SeeInvis .     l - +0 short sword (flame)
rCold  . . .     Clarity  .     (armour unavailable)
rNeg   . . .     Conserve .     (no shield)
rPois  .         rCorr    .     (helmet restricted)
rElec  .         rRot     .     (no cloak)
SustAb . .       Spirit   .     i - +1 pair of gloves
rMut   .         Warding  .     (no boots)
Saprov . . .     Stasis   .     (no amulet)
MR     .....                    (no ring)
                                (no ring)

@: not resistant to hostile enchantments, unstealthy
A: unfitting armour, AC +5
a: no special abilities


You were on level 3 of the Dungeon.
You were very hungry.

You visited 1 branch of the dungeon, and saw 3 of its levels.

You collected 139 gold pieces.

Inventory:

Hand weapons
 l - a +0,+0 short sword of flaming (weapon)
Missiles
 b - 27 arrows
Armour
 i - a +1 pair of gloves (worn)
Comestibles
 a - 4 bread rations
 f - 4 chokos
 m - a pear
 o - a meat ration
Scrolls
 c - 4 scrolls of identify {unknown}
 g - a scroll of noise {unknown}
 j - a scroll of curse weapon {unknown}
 k - 3 scrolls of teleportation {unknown}
 n - 4 scrolls of remove curse {unknown}
 r - a scroll of fog {unknown}
 v - a scroll of enchant weapon II {unknown}
 w - a scroll of fear {unknown}
Jewellery
 s - a +5 ring of dexterity {unknown}
 u - an uncursed ring of wizardry {unknown}
Potions
 e - 2 potions of curing
 h - a potion of invisibility {unknown}
 p - a potion of paralysis {unknown}
 q - a potion of cure mutation {unknown}
 t - 2 potions of heal wounds {unknown}
Books
 d - a book of Changes

   Spells                             Type                      Level
   *Beastly Appendage                 Transmutation                1
   Sticks to Snakes                   Transmutation                2
   Spider Form                        Transmutation/Poison         3
   Ice Form                           Ice/Transmutation            4
   Blade Hands                        Transmutation                5


   Skills:
 - Level 1.1 Fighting
 - Level 1.7 Dodging
 + Level 5.1 Unarmed Combat
 - Level 2.0 Spellcasting
 - Level 2.0 Transmutations


You had 6 spell levels left.
You knew the following spells:

 Your Spells              Type           Power        Failure   Level  Hunger
a - Beastly Appendage     Trmt           #.....       12%         1    ##.....


Dungeon Overview and Level Annotations

Branches:
Dungeon (3/16)

Altars:

Annotations:
D:3 Kae's ghost, average DrTm


Message History

You barely miss Kae's ghost.
Kae's ghost is severely damaged.
Kae's ghost hits you.
* * * LOW HITPOINT WARNING * * *
You barely miss Kae's ghost.
Kae's ghost is severely damaged.
Kae's ghost hits you.
* * * LOW HITPOINT WARNING * * *
Kae's ghost barely misses you.
You hit Kae's ghost but do no damage.
Your tail-slap misses Kae's ghost.
You punch Kae's ghost.
Kae's ghost is almost destroyed.
Kae's ghost closely misses you.
Drink which item? (? for menu, Esc to quit)
You feel better. Kae's ghost hits you.
* * * LOW HITPOINT WARNING * * *
You barely miss Kae's ghost.
Kae's ghost is almost destroyed.
Kae's ghost hits you.
You die...

#########################
..........................
........%.................
........%@p...............
....................%....
......?..................
.........................
...............#########
..............#
.............#
............#
.........#########


You could see Kae's ghost.

Vanquished Creatures
  An adder (D:2)
  2 oozes (D:1)
  3 orcs (D:3)
  2 ball pythons (D:2)
  8 bats
  7 hobgoblins
  7 jackals
  9 kobolds
  2 giant cockroaches
  3 giant geckos
  2 giant newts (D:1)
  8 goblins
  10 rats
64 creatures vanquished.

Notes
Turn   | Place    | Note
--------------------------------------------------------------
     0 | D:1      | Kae, the Draconian Transmuter, began the quest for the Orb.
     0 | D:1      | Reached XP level 1. HP: 16/16 MP: 3/3
   172 | D:1      | Reached XP level 2. HP: 12/23 MP: 4/4
   424 | D:1      | Reached skill level 4 in Unarmed Combat
   725 | D:1      | Reached XP level 3. HP: 20/28 MP: 6/6
  1529 | D:3      | Reached XP level 4. HP: 35/35 MP: 7/7
  1618 | D:3      | Reached skill level 5 in Unarmed Combat
  2019 | D:3      | Noticed Kae's ghost (average DrTm)
  2297 | D:3      | HP: 1/35 [Kae's ghost (8)]
  2308 | D:3      | HP: 1/35 [Kae's ghost (3)]
  2311 | D:3      | Slain by Kae's ghost

Action                   |  1- 3 |  4- 6 || total
-------------------------+-------+-------++-------
Melee: Unarmed           |    71 |       ||    71
       Short sword       |    79 |    71 ||   150
 Cast: Beastly Appendage |     5 |     1 ||     6
  Use: Potion            |       |     3 ||     3
